 Dungeon Crawl Stone Soup version 0.30-a0-1114-gd936c97349 (webtiles) character file.

Game seed: 4060481607666787462

46310 Newt the Markskobold (level 14, -14/75 HPs)
             Began as a Kobold Hunter on Apr 20, 2023.
             Was a High Priest of Hepliaklqana.
             Demolished by an ogre mage
             ... wielding a +4 flail
              (21 damage)
             ... on level 1 of the Orcish Mines.
             The game lasted 00:24:55 (17739 turns).

Newt the Markskobold (Kobold Hunter)               Turns: 17739, Time: 00:24:56

Health: -14/75     AC: 11    Str: 15    XL:     14   Next: 75%
Magic:  9/24       EV: 23    Int: 10    God:    Hepliaklqana [*****.]
Gold:   924        SH: 12    Dex: 20    Spells: 20/26 levels left

rFire   + . .      SeeInvis .    H - +2 hand crossbow (heavy)
rCold   + . .      Faith    .    u - +1 buckler
rNeg    . . .      Spirit   .    M - +0 steam dragon scales
rPois   +          Reflect  +    c - +1 hat
rElec   .          Rampage  .    Q - +0 cloak {Stlth+}
rCorr   .                        S - +1 pair of gloves {Str+3}
Will    ++...                    t - +0 pair of boots
Stlth   ++++                     f - amulet of reflection
HPRegen 0.32/turn                J - ring of fire
MPRegen 0.19/turn                g - ring of willpower

@: very slightly contaminated
A: reduced essence, small, no large weapons, nightstalker 3, cold resistance 2,
poison resistance
a: Renounce Religion, Recall Ancestor, Ancestor Identity, Transference, Idealise


You were on level 1 of the Orcish Mines.
You worshipped Hepliaklqana.
Hepliaklqana was extremely pleased with you.
You visited 4 branches of the dungeon, and saw 16 of its levels.
You also visited: Ossuary and Volcano.

You collected 1358 gold pieces.
You spent 434 gold pieces at shops.

Inventory:

Hand Weapons
 a - a +0 shortbow
 d - a +2 sling of draining
 H - a +2 heavy hand crossbow (weapon)
Armour
 c - a +1 hat (worn)
 t - a +0 pair of boots (worn)
 u - a +1 buckler (worn)
 I - a +0 kite shield
 M - +0 steam dragon scales (worn)
 Q - a +0 cloak of stealth (worn)
 S - a +1 pair of gloves of strength (worn)
 T - a +0 chain mail of fire resistance
 U - the +1 scale mail of the Carpenter {rElec Int+2}
   (You found it on level 2 of the Lair of Beasts)

   Int:       It affects your intelligence (+2).
   rElec:     It insulates you from electricity.
Jewellery
 f - an amulet of reflection (around neck)
 g - a ring of willpower (right hand)
 i - an amulet of guardian spirit
 r - a ring of protection from cold
 G - a +6 ring of intelligence
 J - a ring of fire (left hand)
 K - an amulet of faith
 L - a ring of protection from cold
 O - a ring of positive energy
 R - an amulet of the acrobat
Wands
 l - a wand of quicksilver (13)
 x - a wand of roots (4)
 B - a wand of mindburst (10)
 F - a wand of flame (25)
 P - a wand of digging (2)
Scrolls
 m - 4 scrolls of teleportation
 n - a scroll of fog
 o - a scroll of amnesia
 w - 3 scrolls of immolation
 y - 4 scrolls of poison
 z - 3 scrolls of enchant armour
 C - 3 scrolls of fear
 E - 3 scrolls of blinking
 N - 5 scrolls of identify
 V - a scroll of silence
Potions
 b - 2 potions of resistance
 e - 2 potions of berserk rage
 h - 6 potions of curing
 j - 4 potions of cancellation
 k - 3 potions of invisibility
 p - 4 potions of mutation
 q - 6 potions of brilliance
 s - 4 potions of lignification
 v - 3 potions of haste
 A - 2 potions of might
 D - 3 potions of flight
 Z - a potion of heal wounds
Miscellaneous
 W - a phantom mirror
 X - a phial of floods


   Skills:
 - Level 8.0 Fighting
 - Level 16.0 Ranged Weapons
 - Level 4.0 Armour
 * Level 11.5 Dodging
 - Level 1.3 Stealth
 - Level 6.0 Shields
 - Level 6.7 Spellcasting
 - Level 6.7 Hexes
 - Level 6.6 Translocations
 - Level 7.3 Fire Magic
 - Level 8.0 Invocations
 - Level 6.0 Evocations


You had 20 spell levels left.
You knew the following spells:

 Your Spells              Type           Power      Damage    Failure   Level
a - Portal Projectile     Hex/Tloc       32%        N/A       5%          3
b - Inner Flame           Hex/Fire       26%        N/A       4%          3

Your spell library contained the following spells:

 Spells                   Type           Power      Damage    Failure   Level
 Scorch                   Fire           54%        2d7       1%          2
 Confusing Touch          Hex            16%        N/A       5%          3
 Cause Fear               Hex            8%         N/A       17%         4
 Summon Guardian Golem    Hex/Summ       10%        N/A       21%         3
 Kiss of Death            Conj/Necr      12%        2d6       26%         1
 Necrotise                Necr           12%        1d4       26%         1
 Sting                    Tmut/Pois      12%        1d3       26%         1
 Summon Small Mammal      Summ           12%        N/A       26%         1
 Poisonous Vapours        Pois/Air       6%         N/A       38%         2
 Sublimation of Blood     Necr           3%         N/A       38%         2
 Wereblood                Tmut           3%         N/A       38%         2
 Flame Wave               Conj/Fire      16%        2d7       52%         4
 Anguish                  Hex/Necr       5%         N/A       56%         4
 Call Canine Familiar     Summ           3%         N/A       63%         3
 Stone Arrow              Conj/Erth      6%         3d7       63%         3
 Vampiric Draining        Necr           3%         2d6       63%         3
 Summon Forest            Summ/Tloc      5%         N/A       88%         5
 Summon Mana Viper        Hex/Summ       10%        N/A       88%         5
 Animate Armour           Summ/Erth      6%         N/A       95%         4
 Animate Dead             Necr           3%         N/A       95%         4
 Dispel Undead            Necr           3%         3d7       95%         4
 Olgreb's Toxic Radiance  Pois           3%         N/A       95%         4
 Agony                    Necr           3%         N/A       100%        5
 Borgnjor's Vile Clutch   Necr/Erth      1%         N/A       100%        5
 Death Channel            Necr           1%         N/A       100%        6
 Summon Cactus Giant      Summ           1%         N/A       100%        6
 Enfeeble                 Hex            8%         N/A       100%        7
 Summon Hydra             Summ           1%         N/A       100%        7
 Lehudib's Crystal Spear  Conj/Erth      1%         10d2      100%        8


Dungeon Overview and Level Annotations

Branches:
Dungeon (9/15)             Temple (1/1) D:7            Lair (5/5) D:8
  Swamp (0/4) Lair:3       Spider (0/4) Lair:3        Slime (0/5) Lair:5
    Orc (1/2) D:9         Ossuary (visited)         Volcano (visited)

Altars:
Cheibriados
Hepliaklqana
Nemelex Xobeh
Qazlal
Zin
The Shining One
Jiyva

Shops:
D:4 :   D:5 (   D:7 (   D:9 *   Orc:1 *

Annotations:
D:3 3 runed translucent doors, jasper's ghost, amateur DsCA


Innate Abilities, Weirdness & Mutations

Your life essence is reduced to manifest your ancestor. (-10% HP)
You are small and have problems with some larger weapons.
You are completely attuned to the shadows.
Your flesh is very cold resistant. (rC++)
Your system is resistant to poisons. (rPois)


Message History

Nothing appears to happen.
You block something's attack.
Unknown command.
Casting: Inner Flame (dangerous; 4% risk of failure)
Confirm with . or Enter, or press ? or * to list all spells.
Aiming: Inner Flame (dangerous; 4% risk of failure)
Press: ? - help, Dir - move target, f/p - orc sorcerer
Aim: an orc sorcerer, wielding a +0 dagger and wearing a +0 robe (chance to affect: 67%)
You feel a surge of power!
The orc sorcerer is filled with an inner flame.
Something hits you.
Unknown command.
You shoot a bolt. Something completely misses you.
You hear some strange, mumbled words.
A bolt of magma appears from out of thin air!
The bolt of magma hits you!! You partially resist.
You hear some strange, mumbled words.
A bolt of magma appears from out of thin air!
The bolt of magma misses you.
Casting: Portal Projectile (dangerous; 5% risk of failure)
Press: ? - help, Q - select action, (/) - cycle Dir - look around, f - activate You begin teleporting projectiles to their destination.
Something hits you.
Unknown command.
You magically shoot a bolt.
Reactivating autopickup.
You feel a bit more experienced. Something misses you.
Fire: H) +2 hand crossbow (heavy)
Press: ? - help, Shift-Dir - straight line, f - orc sorcerer
Aim: an orc sorcerer, wielding a +0 dagger and wearing a +0 robe (inner flame, 72% to hit)
You magically shoot a bolt.
The bolt hits the orc sorcerer!!
The orc sorcerer explodes!
The fiery explosion engulfs you! You resist.
You are engulfed in blazing flames.
You resist.
* * * LOW HITPOINT WARNING * * *
You are no longer teleporting projectiles to their destination.
You block something's attack.
Deactivating autopickup; reactivate with Ctrl-A.
Unknown command.
Something hits you!!
You die...

#....................##
##.#.........##.......#
####'####........#..##
#...)...###.........#
..........##........###
...###R....#.........##
.##...##...####........
.......##.#...........
..###@....#....#......
##†.§##...#.....).....
...§...##.#....)).#...
..###.... #...><....#.
# ##y. #........... ##
#...)))...#.
#...)....###
###########.#.......#
##.##..........).....##


There were no monsters in sight!

Vanquished Creatures
  Erolcha (D:9)
  2 ogre magi (Orc:1)
  The ghost of dracfodder the Geomancer, a journeyman GrEE (Lair:2)
  A centaur warrior (Volcano)
  Nergalle (Lair:2)
  2 skysharks (Lair:4)
  A hell knight (Volcano)
  The ghost of mandoloar the Insei, a novice OpTm of Cheibriados (D:6)
  A bog body (Lair:3)
  Pikel (D:9)
  A deep elf pyromancer (D:9)
  2 orc sorcerers (Orc:1)
  2 elephants (Lair:4)
  Joseph (D:7)
  A molten gargoyle (Volcano)
  11 cane toads
  A torpor snail (Lair:5)
  4 black mambas
  Psyche (D:9)
  2 rime drakes
  7 komodo dragons
  A troll (D:9)
  A polar bear (Lair:3)
  Grinder (D:3)
  3 hornets
  A tyrant leech (Lair:5)
  Prince Ribbit (D:7)
  20 blink frogs
  4 wyverns
  29 yaks
  An unseen horror simulacrum (D:6)
  4 steam dragons
  A redback (Lair:3)
  Grum (D:9)
  2 swamp worms (Lair:3)
  An acid dragon (D:9)
  A hell hound (Lair:1)
  A floating eye (Orc:1)
  8 water moccasins
  3 black bears
  3 orc warriors
  2 sky beasts
  2 ogres
  4 centaurs (Volcano)
  17 wolves
  3 kobold brigands
  13 bullfrogs
  4 scorpions
  A gnoll sergeant (D:6)
  5 water moccasin zombies (Ossuary)
  A killer bee (D:6)
  A howler monkey (D:8)
  2 jellies
  A centaur zombie (D:6)
  5 electric eels
  3 lava snakes (Volcano)
  2 gnoll boudas
  13 hounds
  3 orc priests
  2 iguanas
  A sleepcap (D:6)
  10 orc wizards
  2 mummies (Ossuary)
  A howler monkey zombie (D:6)
  7 gnolls
  7 adders
  2 shadow imps
  2 white imps
  3 adder zombies (Ossuary)
  2 worms
  A dart slug (D:3)
  19 orcs
  5 endoplasms
  5 giant cockroaches
  3 gnoll zombies (Ossuary)
  7 hobgoblins
  4 jackals (D:2)
  24 kobolds
  2 quokkas (D:4)
  5 ball pythons
  2 bats (D:1)
  5 frilled lizards
  6 goblins
  6 hobgoblin zombies (Ossuary)
  3 kobold zombies (Ossuary)
  4 orc zombies (Ossuary)
  A rat (D:2)
355 creatures vanquished.

Vanquished Creatures (collateral kills)
  2 hydras (Lair:5)
  A pharaoh ant (Lair:3)
  A skyshark (Lair:4)
  2 bog bodies (Lair:3)
  A lindwurm (Lair:5)
  Maurice (D:9)
  An elephant (Lair:4)
  A black mamba (Lair:1)
  A molten gargoyle (Volcano)
  A torpor snail (Lair:5)
  2 cane toads
  A spectral unseen horror (D:6)
  A komodo dragon (Lair:5)
  A kobold demonologist (D:9)
  A troll (D:9)
  4 hornets
  3 blink frogs
  A fire elemental (Lair:4)
  A wyvern (D:9)
  A fire bat (Volcano)
  4 yaks
  A redback (Lair:3)
  2 wargs (Orc:1)
  A hell hound (Lair:1)
  An acid dragon (D:9)
  6 water moccasins
  2 orc warriors (Orc:1)
  5 wolves
  An ogre (D:6)
  2 lemures (D:9)
  A kobold brigand (D:8)
  2 lava snakes (Volcano)
  2 howler monkeys (D:9)
  A hound (D:8)
  2 orc priests
  2 sleepcaps
  A gnoll bouda (Lair:4)
  2 iguanas
  7 orc wizards
  3 gnolls
  A white imp (D:6)
  An ufetubus (D:7)
  6 orcs
  5 kobolds
89 creatures vanquished.

Vanquished Creatures (others)
  A troll (D:8)
  7 knights
  3 ancestors
  A spectral howler monkey (D:6)
  32 fungi
  35 plants
79 creatures vanquished.

Grand Total: 523 creatures vanquished

Notes
Turn   | Place    | Note
-------+----------+-------------------------------------------
     0 | D:1      | Newt the Kobold Hunter began the quest for the Orb.
     0 | D:1      | Reached XP level 1. HP: 12/12 MP: 1/1
   210 | D:1      | Reached XP level 2. HP: 18/18 MP: 2/2
   718 | D:2      | Reached XP level 3. HP: 23/23 MP: 3/3
  1081 | D:2      | Reached XP level 4. HP: 30/30 MP: 4/4
  1821 | D:3      | Noticed Grinder
  1823 | D:3      | Paralysed by Grinder for 3 turns
  1839 | D:3      | Paralysed by Grinder for 2 turns
  1842 | D:3      | Killed Grinder
  1843 | D:3      | Reached skill level 5 in Fighting
  1843 | D:3      | Reached skill level 8 in Ranged Weapons
  1843 | D:3      | Reached XP level 5. HP: 28/35 MP: 5/5
  1843 | D:3      | Reached XP level 6. HP: 32/40 MP: 6/6
  1924 | D:3      | Identified the +0 dagger "Hivemomi" {freeze, rN++}
  1924 | D:3      | Identified the +1 leather armour of Hokuif {Will+ Int+5}
  1928 | D:3      | Found a runed translucent gate.
  1929 | D:3      | Found a runed translucent gate.
  1930 | D:3      | Found a runed translucent gate.
  2251 | D:3      | Noticed jasper's ghost (amateur DsCA)
  2585 | D:4      | Found Ydasteug's Book Boutique.
  2802 | D:4      | Found a hazy altar of Hepliaklqana.
  2802 | D:4      | Found a glowing golden altar of the Shining One.
  3085 | D:4      | Reached XP level 7. HP: 44/44 MP: 7/7
  3133 | D:4      | Became a worshipper of Hepliaklqana the Forgotten
  3166 | D:4      | Bought the Quarto of Imprecation for 160 gold pieces
  3185 | D:5      | Entered Level 5 of the Dungeon
  3200 | D:5      | Reached skill level 9 in Ranged Weapons
  3355 | D:5      | Reached skill level 10 in Ranged Weapons
  3390 | D:5      | Reached XP level 8. HP: 38/49 MP: 8/8
  3418 | D:5      | Found a sand-covered staircase.
  3423 | Ossuary  | Entered an ossuary
  3482 | Ossuary  | Reached skill level 5 in Dodging
  3754 | Ossuary  | Learned a level 3 spell: Portal Projectile
  3780 | Ossuary  | Reached skill level 1 in Spellcasting
  3780 | Ossuary  | Reached skill level 1 in Hexes
  3780 | Ossuary  | Reached skill level 1 in Translocations
  4302 | D:5      | Found Mioss's Firing Range.
  4503 | D:5      | Reached * piety under Hepliaklqana
  4608 | D:5      | Noticed a fire elemental
  4609 | D:5      | Found a stormy altar of Qazlal.
  4609 | D:5      | Noticed an air elemental
  4615 | D:5      | Noticed a water elemental
  4811 | D:5      | Bought a +0 hand crossbow for 49 gold pieces
  4837 | D:6      | Found a runed translucent gate.
  4837 | D:6      | Found a runed translucent gate.
  4838 | D:6      | Found a runed translucent gate.
  5059 | D:6      | Gained mutation: You do not regenerate when monsters are
                  | visible. [potion of mutation]
  5059 | D:6      | Gained mutation: You sometimes lose your temper in combat.
                  | [potion of mutation]
  5059 | D:6      | Gained mutation: Your system is resistant to poisons.
                  | (rPois) [potion of mutation]
  5060 | D:6      | Lost mutation: You do not regenerate when monsters are
                  | visible. [potion of mutation]
  5060 | D:6      | Lost mutation: You sometimes lose your temper in combat.
                  | [potion of mutation]
  5060 | D:6      | Gained mutation: Your flesh is cold resistant. (rC+)
                  | [potion of mutation]
  5060 | D:6      | Gained mutation: Your flesh is very cold resistant. (rC++)
                  | [potion of mutation]
  5193 | D:6      | Reached XP level 9. HP: 48/48 MP: 11/13
  5806 | D:6      | Noticed mandoloar's ghost (novice OpTm)
  5806 | D:6      | Noticed a spectral unseen horror
  5838 | D:6      | Killed a spectral unseen horror
  5839 | D:6      | Reached skill level 5 in Spellcasting
  5839 | D:6      | Reached skill level 5 in Hexes
  5839 | D:6      | Reached skill level 5 in Translocations
  5844 | D:6      | Killed mandoloar's ghost
  5845 | D:6      | Reached XP level 10. HP: 17/53 MP: 5/18
  6030 | D:7      | Learned a level 3 spell: Inner Flame
  6296 | D:7      | Found a staircase to the Ecumenical Temple.
  6364 | D:7      | Noticed Joseph
  6377 | Temple   | Entered the Ecumenical Temple
  6535 | D:7      | Killed Joseph
  6924 | D:7      | Noticed Prince Ribbit
  6931 | D:7      | Killed Prince Ribbit
  7085 | D:7      | Found Semiysh's Antique Weapon Boutique.
  7180 | D:8      | Reached ** piety under Hepliaklqana
  7181 | D:8      | Remembered your ancestor Ayize as a knight
  7323 | D:8      | Found a sparkling altar of Nemelex Xobeh.
  7354 | D:8      | Found a glowing silver altar of Zin.
  7451 | D:8      | Reached skill level 1 in Fire Magic
  7503 | D:8      | Found a staircase to the Lair.
  7898 | D:9      | Found a staircase to the Orcish Mines.
  7947 | D:9      | Reached XP level 11. HP: 50/56 MP: 17/21
  7981 | D:9      | Noticed a deep elf pyromancer
  8010 | D:9      | Reached skill level 5 in Fire Magic
  8168 | D:9      | Noticed Erolcha
  8171 | D:9      | Killed Erolcha
  8367 | D:9      | Killed a deep elf pyromancer
  8672 | D:9      | Noticed Psyche
  8681 | D:9      | Killed Psyche
  8682 | D:9      | Reached skill level 5 in Evocations
  8839 | D:9      | Found Qolenlil's Assorted Antiques.
  8844 | D:9      | Bought a scroll of enchant weapon for 225 gold pieces
  9269 | D:9      | Noticed Pikel
  9276 | D:9      | Killed Pikel
  9277 | D:9      | Reached skill level 11 in Ranged Weapons
  9326 | D:9      | Noticed Maurice
  9334 | D:9      | Killed Maurice
  9401 | D:9      | Noticed Grum
  9408 | D:9      | Killed Grum
  9731 | D:9      | Found a snail-covered altar of Cheibriados.
  9937 | Lair:1   | Entered Level 1 of the Lair of Beasts
  9939 | Lair:1   | Reached *** piety under Hepliaklqana
  9972 | Lair:1   | Reached skill level 12 in Ranged Weapons
  9993 | Lair:1   | Reached XP level 12. HP: 25/61 MP: 11/22
 10102 | Lair:1   | Reached skill level 13 in Ranged Weapons
 10238 | Lair:1   | Reached skill level 14 in Ranged Weapons
 10339 | Lair:1   | Found a dark tunnel.
 10355 | Volcano  | Entered a volcano
 10788 | Volcano  | Found a bloodstained altar of Trog.
 10788 | Volcano  | Noticed a centaur warrior
 10797 | Volcano  | Killed a centaur warrior
 10798 | Volcano  | Noticed a hell knight
 10806 | Volcano  | Killed a hell knight
 11526 | Lair:1   | Reached skill level 10 in Dodging
 11611 | Lair:1   | Reached skill level 1 in Invocations
 11839 | Lair:1   | Reached **** piety under Hepliaklqana
 12337 | Lair:2   | Reached skill level 5 in Invocations
 12356 | Lair:2   | Reached XP level 13. HP: 64/64 MP: 23/23
 12531 | Lair:2   | Identified the +1 scale mail of the Carpenter {rElec Int+2}
 12651 | Lair:2   | Found a large runed translucent door.
 12652 | Lair:2   | Found a large runed translucent door.
 12697 | Lair:2   | Noticed Nergalle
 12702 | Lair:2   | Killed Nergalle
 12898 | Lair:2   | Identified the +1 barding of Odaul {Str+4 Int+3}
 13418 | Lair:2   | Noticed dracfodder's ghost (journeyman GrEE)
 13428 | Lair:2   | Killed dracfodder's ghost
 14153 | Lair:3   | Reached ***** piety under Hepliaklqana
 14281 | Lair:3   | Reached skill level 1 in Shields
 14323 | Lair:3   | Found a hole to the Spider Nest.
 14542 | Lair:3   | Found a staircase to the Swamp.
 14914 | Lair:4   | Reached skill level 5 in Shields
 15197 | Lair:4   | Reached XP level 14. HP: 75/75 MP: 24/24
 15428 | Lair:4   | Reached skill level 1 in Armour
 15520 | Lair:4   | Identified the +6 dagger "Beff" {pain, Str+3}
 15875 | Lair:5   | Entered Level 5 of the Lair of Beasts
 15956 | Lair:5   | Found a viscous altar of Jiyva.
 15957 | Lair:5   | Found a staircase to the Slime Pits.
 16504 | Lair:5   | Reached skill level 15 in Ranged Weapons
 17123 | Lair:5   | Reached skill level 16 in Ranged Weapons
 17409 | Orc:1    | Entered Level 1 of the Orcish Mines
 17516 | Orc:1    | Found Maruzie's General Store.
 17739 | Orc:1    | Demolished by an ogre mage

Illustrated notes

Levels and vault maps discovered:
D:1:      eino_arrival_druids_welcome, layout_loops_ring
D:2:      layout_loops_corners, kennysheep_generic_room_14
D:3:      layout_rooms, biasface_ghost_orc_armoury, glass_columns_c,
          uniq_grinder
D:4:      layout_gridville, chequers_temple_overflow_statue_of_worship,
          serial_shops, shop
D:5:      layout_gridville, nicolae_qazlal_style_of_elements,
          lightli_ossuary_entry_decrepit_ruins, nicolae_shop_firing_range
D:6:      minmay_razor_zed, layout_rooms, gammafunk_ghost_necromancy,
          patterned_corridor
D:7:      layout_loops_cross, minmay_temple_entry_arrows, serial_shops, shop,
          uniq_joseph, uniq_prince_ribbit1
D:8:      layout_basic, mainiacjoe_overflow_catwalk_spiral, erik_lair_island
D:9:      minmay_distorted_concentric_squares, layout_loops_corners,
          cheibrodos_worm_habitat, serial_shops, shop, uniq_pikel, uniq_erolcha,
          uniq_maurice, uniq_grum, uniq_psyche
Temple:   nicolae_temple_superstar
Lair:1:   layout_gridlike, enter_volcano_3, st_stairs_9, grunt_megastairs_4
Lair:2:   layout_loops_ring, ebering_ghost_disaster_area,
          small_statue_intersection, grunt_forest_small_clearing_treed,
          grunt_megastairs_1, serial_bayou_shore_b, infiniplex_staircase_pool_2,
          uniq_nergalle
Lair:3:   layout_regular_city, nicolae_swamp_entry_splash_gauntlet,
          nicolae_spider_entry_lesser_pyramids, bh_autumn_forest_stairs,
          st_stairs_6, lemuel_fruit_tree, grunt_megastairs_2
Lair:4:   layout_gridlike, dreamdust_gnoll_shepherd
Lair:5:   wormcave, layout_gridlike, slime_entry_1
Orc:1:    hellmonk_paralyzer, layout_caves, serial_shops, nicolae_diamond_shop

Skill      XL: |  1  2  3  4  5  6  7  8  9 10 11 12 13 14 |
---------------+-------------------------------------------+-----
Fighting       | 3 4 5 8 |  8.0
Ranged Weapons | 8 10 12 14 16 | 16.0
Dodging        | 4 6 10 11 | 11.5
Spellcasting   | 2 5 6 |  6.7
Hexes          | 2 5 6 |  6.7
Translocations | 2 5 6 |  6.6
Fire Magic     | 4 7 |  7.3
Evocations     | 6 |  6.0
Invocations    | 5 8 |  8.0
Shields        | 5 6 |  6.0
Armour         | 4 |  4.0
Stealth        | |  1.3

Action                     |  1- 3 |  4- 6 |  7- 9 | 10-12 | 13-15 || total
---------------------------+-------+-------+-------+-------+-------++-------
   Fire: Shortbow          |    62 |    16 |       |       |       ||    78
         Sling             |       |    67 |   158 |       |       ||   225
         Hand crossbow     |       |       |   120 |   404 |   292 ||   816
   Cast: Portal Projectile |       |       |       |    18 |    10 ||    28
         Inner Flame       |       |       |       |    18 |    15 ||    33
 Invoke: Recall Ancestor   |       |       |     1 |       |       ||     1
         Ancestor Life: Kn |       |       |       |     1 |       ||     1
         Transference      |       |       |       |       |     1 ||     1
  Evoke: Wand              |       |       |       |     5 |       ||     5
    Use: Scroll            |     2 |    10 |     8 |     6 |     5 ||    31
         Potion            |     1 |       |     6 |     5 |     1 ||    13
 Armour: Leather armour    |     7 |     2 |    46 |     8 |       ||    63
         Steam dragon scal |       |       |       |    22 |    29 ||    51
         Skin              |       |       |       |     1 |       ||     1
         Chain mail        |       |       |       |     1 |       ||     1
  Dodge: Dodged            |    15 |    15 |   136 |   178 |   192 ||   536
  Block: Buckler           |       |     3 |    31 |    55 |   109 ||   198
         Reflection        |       |       |       |       |     1 ||     1

Table legend: (Time is in decaauts)
 A = Elapsed time spent in this place.
 B = Non-inter-level travel time spent in this place.
 C = Inter-level travel time spent in this place.
 D = Time resting spent in this place.
 E = Time spent auto-exploring this place.
 F = Levels seen in this place.
 G = Mean time per level.
                   A        B        C        D        E       F      G
               +--------+--------+--------+--------+--------+-----+--------+
         Total |  18286 |  17627 |    659 |   2215 |  12343 |  18 | 1015.9 |
       Dungeon |   9599 |   9125 |    474 |   1123 |   6495 |   9 | 1066.6 |
        Temple |    149 |    149 |      0 |    148 |      0 |   1 |  149.0 |
          Lair |   6802 |   6618 |    184 |    736 |   4746 |   5 | 1360.4 |
  Orcish Mines |    356 |    356 |      0 |      6 |    261 |   1 |  356.0 |
       Ossuary |    448 |    448 |      0 |    199 |    111 |   1 |  448.0 |
       Volcano |    930 |    930 |      0 |      2 |    729 |   1 |  930.0 |
               +--------+--------+--------+--------+--------+-----+--------+

Top non-repeatable levels by time:
     D:9: 2137 daAuts
  Lair:5: 1505 daAuts
  Lair:2: 1433 daAuts
  Lair:1: 1380 daAuts
  Lair:4: 1278 daAuts
     D:6: 1216 daAuts
  Lair:3: 1203 daAuts
     D:5: 1203 daAuts
     D:2: 1041 daAuts
     D:7: 990 daAuts
 Volcano: 930 daAuts
     D:4: 904 daAuts
     D:8: 835 daAuts
     D:1: 712 daAuts
     D:3: 557 daAuts
